 Dungeon Crawl Stone Soup version 0.17-a0-1435-geafbe2f (webtiles) character file.

75 muravey the Gusty (level 4, 0/24 HPs)
             Began as a Tengu Air Elementalist on June 26, 2015.
             Slain by a quokka (4 damage)
             ... on level 3 of the Dungeon.
             The game lasted 00:04:30 (1434 turns).

muravey the Gusty (Tengu Air Elementalist)          Turns: 1434, Time: 00:04:30

Health: 0/24       AC:  2    Str:  8    XL:     4   Next: 31%
Magic:  2/8        EV: 12    Int: 17    God:
Gold:   93         SH:  0    Dex: 14    Spells: 3 memorised, 3 levels left

rFire  . . .     SeeInvis .     k - +1 dagger (distort) {!w}
rCold  . . .     Clarity  .     a - +0 robe
rNeg   . . .     SustAt   .     (no shield)
rPois  .         Gourm    .     (helmet restricted)
rElec  .         Spirit   .     (no cloak)
rCorr  .         Warding  .     (no gloves)
rMut   +         Stasis   .     (boots unavailable)
MR     .....                    l - amulet of resist mutation
Stlth  ++........               (no ring)
                                (no ring)

@: not resistant to hostile enchantments, unstealthy
A: beak, talons 3
a: no special abilities


You were on level 3 of the Dungeon.
You were not hungry.

You visited 1 branch of the dungeon, and saw 3 of its levels.

You collected 93 gold pieces.

Inventory:

Hand weapons
 d - a +0 dagger
 k - a +1 dagger of distortion (weapon) {!w}
Missiles
 q - 3 javelins of penetration (quivered)
Armour
 a - a +0 robe (worn)
 f - a +0 cloak
 n - a +0 buckler
Jewellery
 l - an amulet of resist mutation (around neck)
Scrolls
 e - a scroll of teleportation {unknown}
 h - a scroll of recharging {unknown}
 o - a scroll of fog {unknown}
 p - a scroll of identify {unknown}
 r - a scroll of blinking {unknown}
Potions
 j - 3 potions of cancellation {!q, unknown}
Books
 b - a book of Air

   Spells                             Type                      Level
   a - Shock                          Conjuration/Air              1
   b - Swiftness                      Charms/Air                   2
   c - Repel Missiles                 Charms/Air                   2
   d - Static Discharge               Conjuration/Air              3
   e - Lightning Bolt                 Conjuration/Air              5
Comestibles
 c - 4 bread rations
 g - 3 chunks of flesh


   Skills:
 + Level 2.2 Dodging
 - Level 2.0 Stealth
 + Level 2.5 Spellcasting
 * Level 3.1 Conjurations
 + Level 5.3 Air Magic


You had 3 spell levels left.
You knew the following spells:

 Your Spells              Type           Power        Failure   Level  Hunger
r - Repel Missiles        Chrm/Air       ##....       12%         2    ##.....
s - Swiftness             Chrm/Air       ##......     12%         2    ##.....
z - Shock                 Conj/Air       ###.         3%          1    #......


Dungeon Overview and Level Annotations

Branches:
Dungeon (3/15)

Altars:


Innate Abilities, Weirdness & Mutations

You have a beak for a mouth.
You have claws for feet.


Message History

You hear the slow rusting of a drain nearby.
The orc barely misses you.
An orc wizard comes into view. It is wielding a dagger.
You hit the orc.
You kill the orc!
Casting: Shock
Confirm with . or Enter, or press ? or * to list all spells.
Aiming: Shock
Press: ? - help, Shift-Dir - straight line, f - orc wizard
Aim: an orc wizard, wielding a dagger and wearing a robe The zap hits the orc wizard.
The orc wizard is heavily wounded.
The zap misses the orc wizard.
The quokka misses you.
Casting: Shock
Confirm with . or Enter, or press ? or * to list all spells.
Aiming: Shock
Press: ? - help, Shift-Dir - straight line, f - quokka, p - orc wizard
Aim: a quokka The zap hits the quokka.
The quokka is heavily wounded.
The quokka misses you.
Casting: Shock
Confirm with . or Enter, or press ? or * to list all spells.
Aiming: Shock
Press: ? - help, Shift-Dir - straight line, f - orc wizard, p - quokka
Aim: an orc wizard, wielding a dagger and wearing a robe (heavily wounded)
The zap misses the orc wizard.
The quokka closely misses you.
The orc wizard gestures at you while chanting.
The magic dart hits you!
* * * LOW HITPOINT WARNING * * *
The quokka barely misses you.
Casting: Shock
Confirm with . or Enter, or press ? or * to list all spells.
Aiming: Shock
Press: ? - help, Shift-Dir - straight line, f - quokka, p - orc wizard
Aim: a quokka (heavily wounded)
The zap hits the quokka.
The quokka is almost dead.
The quokka bites you.
You die...

.###..## #.#.##.. ..
#.#...######....... .#
##............###.# ..#
#....######..# #.#...#
#.......###..###.#...
#.......##......$...
#.......##...###.##
#................#
#.......##...##.@#
#.......##......r)o.....
.. ....###.......## .
##..(# #..###..# #..##
#..# .# ... #... # ####
##.# #.#


You could see an orc wizard and a quokka.

Vanquished Creatures
  2 adders
  An ooze (D:1)
  2 orcs (D:3)
  6 bats
  4 goblins
  5 hobgoblins
  7 kobolds
  A quokka (D:2)
  A ball python (D:2)
  5 giant cockroaches
  2 giant geckos (D:1)
  7 giant newts
  4 jackals (D:1)
  4 rats
51 creatures vanquished.

Notes
Turn   | Place    | Note
--------------------------------------------------------------
     0 | D:1      | muravey the Tengu Air Elementalist began the quest for the Orb.
     0 | D:1      | Reached XP level 1. HP: 10/10 MP: 4/4
   115 | D:1      | Reached XP level 2. HP: 10/15 MP: 3/6
   366 | D:1      | Reached XP level 3. HP: 17/19 MP: 3/7
   398 | D:1      | Reached skill level 5 in Air Magic
   680 | D:2      | Found a faded altar to an unknown god.
  1268 | D:2      | Learned a level 2 spell: Repel Missiles
  1271 | D:2      | Learned a level 2 spell: Swiftness
  1322 | D:2      | Reached XP level 4. HP: 24/24 MP: 5/8
  1434 | D:3      | Slain by a quokka

Vault maps used:
D:1:      minmay_arrival_three_doors, minmay_fountain_box, serial_bayou_lagoon_b
D:2:      serial_bayou, serial_bayou_pond_e, serial_bayou_crossing,
          serial_bayou_pond_b, serial_bayou_pond_d, serial_bayou_pond_e,
          serial_bayou_lagoon_a, ecumenical_altar_1, first_bread
D:3:      nicolae_overflow_hidden_temple, lemuel_crystal_altar,
          gup_sewer_entry_glass, fountainhead, grunt_gozag_statues

Action                   |  1- 3 |  4- 6 || total
-------------------------+-------+-------++-------
Melee: Unarmed           |     2 |       ||     2
       Mace              |     8 |       ||     8
       Dagger            |    10 |     7 ||    17
 Cast: Shock             |    72 |    14 ||    86
 Stab: Sleeping          |     1 |       ||     1
  Eat: Chunk             |     2 |     1 ||     3
